PL
BOSTON PATRIOTS @ CLEVELAND BROWNS
07/24/2041
 
TOP OF THE 1ST
Boston Patriots batting - Pitching for Cleveland Browns : RHP Yan van der Meijden
Pitching: RHP Yan van der Meijden
Batting: SHB Marc Cadiou 0-0: SINGLE (Line Drive, 9S, EV 86.2 MPH)
Batting: LHB Juan Andrés Martí 0-0: Called Strike
0-1: Called Strike
0-2: Ball
1-2: Ball
2-2: Ball
3-2: Foul Ball, location: 2F
3-2: Reached on error, E1 (Groundball, 34S, EV 91.2 MPH)
Marc Cadiou to second
Batting: SHB Jae-woo Ohm 0-0: Fly out, F9 (Flyball, 9, EV 96.2 MPH)
Runner from 2nd tags up, SAFE at 3rd with throw by RF
Batting: SHB Eisse van Opdorp 0-0: Called Strike
Juan Andrés Martí steals 2nd base
0-1: Foul Ball, location: 2F
0-2: Hit by Pitch
Batting: LHB Freddy Díaz 0-0: Ball
1-0: SINGLE (Flyball, 78M, EV 91.9 MPH)
Marc Cadiou scores
Juan Andrés Martí to third
Eisse van Opdorp to second
Runner from 3rd tries for Home, SAFE, throw by LF to home
Batting: RHB Jon Osterman 0-0: Called Strike
0-1: Ball
1-1: Swinging Strike
1-2: Foul Ball, location: 2F
1-2: Ball
2-2: Ball
3-2: Foul Ball, location: 2F
3-2: Fly out, F7 (Flyball, 78D, EV 100.6 MPH)
Runner from 2nd tags up, SAFE at 3rd with throw by LF
Batting: RHB Tyler Bowen 0-0: Called Strike
0-1: Foul Ball, location: 2F
0-2: Ball
1-2: Ball
Wild Pitch!
Eisse van Opdorp scores
Freddy Díaz to second
2-2: Foul Ball, location: 2F
2-2: Foul Ball, location: 2F
2-2: Ball
3-2: Base on Balls
Batting: RHB Brevyn Spann-Ford 0-0: Ball
Wild Pitch!
Freddy Díaz to third
Tyler Bowen to second
1-0: Called Strike
1-1: Fly out, F9 (Line Drive, 9, EV 98.8 MPH)
Top of the 1st over - 3 runs, 2 hits, 1 error, 2 left on base; Boston 3 - Cleveland 0
BOTTOM OF THE 1ST
Cleveland Browns batting - Pitching for Boston Patriots : RHP Jelexiz Verano
Pitching: RHP Jelexiz Verano
Batting: SHB Jhett Larson 0-0: Ball
1-0: Foul Ball, location: 2F
1-1: Ball
2-1: Swinging Strike
2-2: Ball
3-2: Strikes out swinging, 2-3 out at first.
Batting: LHB Danny Rodríguez 0-0: Ball
1-0: Foul Ball, location: 2F
1-1: Swinging Strike
1-2: Strikes out swinging
Batting: RHB Baldomero Avino 0-0: Called Strike
0-1: Ball
1-1: Ball
2-1: Ball
3-1: Base on Balls
Batting: RHB Meester Gobbles-Rooster 0-0: Swinging Strike
0-1: Called Strike
0-2: Ball
1-2: Ball
2-2: Ball
3-2: Fly out, F9 (Flyball, 9D, EV 96.2 MPH)
Bottom of the 1st over - 0 runs, 0 hits, 0 errors, 1 left on base; Boston 3 - Cleveland 0
TOP OF THE 2ND
Boston Patriots batting - Pitching for Cleveland Browns : RHP Yan van der Meijden
Batting: SHB Willie McGirt 0-0: Ball
1-0: Foul Ball, location: 2F
1-1: Foul Ball, location: 2F
1-2: Foul Ball, location: 2F
1-2: Ball
2-2: Foul Ball, location: 2F
2-2: Foul Ball, location: 2F
2-2: Foul Ball, location: 2F
2-2: Ball
3-2: Base on Balls
Batting: SHB Marc Cadiou 0-0: Ball
1-0: Called Strike
1-1: Foul Ball, location: 2F
1-2: Ball
2-2: Foul Ball, location: 2F
2-2: Grounds into double play, 1-6-3 (Groundball, 13, EV 83.1 MPH)
Batting: LHB Juan Andrés Martí 0-0: Ball
1-0: Ball
2-0: Called Strike
2-1: SINGLE (Line Drive, 34D, EV 100.0 MPH)
Batting: SHB Jae-woo Ohm 0-0: Ball
1-0: Fly out, F6 (Popup, 6MD, EV 74.4 MPH)
Top of the 2nd over - 0 runs, 1 hit, 0 errors, 1 left on base; Boston 3 - Cleveland 0
BOTTOM OF THE 2ND
Cleveland Browns batting - Pitching for Boston Patriots : RHP Jelexiz Verano
Batting: RHB Gerold Olthof 0-0: Foul Ball, location: 2F
0-1: Ball
1-1: Ground out U3 (Groundball, 34, EV 83.8 MPH)
Batting: SHB Esteban Piñeiro 0-0: Called Strike
0-1: Called Strike
0-2: Strikes out swinging
Batting: RHB Tom Camden 0-0: Called Strike
0-1: Foul Ball, location: 2F
0-2: Ball
1-2: Foul Ball, location: 2F
1-2: Fly out, F8 (Line Drive, 8LM, EV 111.9 MPH)
Bottom of the 2nd over - 0 runs, 0 hits, 0 errors, 0 left on base; Boston 3 - Cleveland 0
TOP OF THE 3RD
Boston Patriots batting - Pitching for Cleveland Browns : RHP Yan van der Meijden
Batting: SHB Eisse van Opdorp 0-0: Called Strike
0-1: Ball
1-1: Swinging Strike
1-2: Ball
2-2: Foul Ball, location: 2F
2-2: Ball
3-2: Strikes out swinging
Batting: LHB Freddy Díaz 0-0: Swinging Strike
0-1: SINGLE (Line Drive, 5D, EV 97.5 MPH)
Batting: RHB Jon Osterman 0-0: Swinging Strike
0-1: Called Strike
0-2: Foul Ball, location: 2F
0-2: Foul Ball, location: 2F
0-2: Ball
1-2: Strikes out looking
Batting: RHB Tyler Bowen 0-0: SINGLE (Line Drive, 9S, EV 105.6 MPH)
Freddy Díaz to second
Batting: RHB Brevyn Spann-Ford 0-0: Fly out, F9 (Line Drive, 9, EV 86.2 MPH)
Top of the 3rd over - 0 runs, 2 hits, 0 errors, 2 left on base; Boston 3 - Cleveland 0
BOTTOM OF THE 3RD
Cleveland Browns batting - Pitching for Boston Patriots : RHP Jelexiz Verano
Pitching: RHP José Ruíz
Batting: RHB Katsuhiko Ishihara 0-0: Called Strike
0-1: Swinging Strike
0-2: Strikes out swinging
Batting: RHB Carlos Martínez 0-0: Called Strike
0-1: Foul Ball, location: 2F
0-2: Foul Ball, location: 2F
0-2: Ball
1-2: Ball
2-2: Foul Ball, location: 2F
2-2: Ball
3-2: Strikes out looking
Batting: SHB Jhett Larson 0-0: Foul Ball, location: 2F
0-1: Ball
1-1: Called Strike
1-2: Ball
2-2: Strikes out swinging
Bottom of the 3rd over - 0 runs, 0 hits, 0 errors, 0 left on base; Boston 3 - Cleveland 0
TOP OF THE 4TH
Boston Patriots batting - Pitching for Cleveland Browns : RHP Yan van der Meijden
Batting: SHB Willie McGirt 0-0: Ball
1-0: Foul Ball, location: 2F
1-1: Ball
2-1: Swinging Strike
2-2: Fly out, F9 (Flyball, 89S, EV 88.1 MPH)
Batting: SHB Marc Cadiou 0-0: Ball
1-0: Reached on error, E6 (Groundball, 6M, EV 100.6 MPH)
Batting: LHB Juan Andrés Martí 0-0: Ball
1-0: Swinging Strike
1-1: Ball
2-1: Ball
3-1: Called Strike
3-2: Base on Balls
Marc Cadiou to second
Batting: SHB Jae-woo Ohm 0-0: Fly out, F8 (Flyball, 89M, EV 90.0 MPH)
Batting: SHB Eisse van Opdorp 0-0: Ball
1-0: Ground out 4-3 (Groundball, 4, EV 85.6 MPH)
Top of the 4th over - 0 runs, 0 hits, 1 error, 2 left on base; Boston 3 - Cleveland 0
BOTTOM OF THE 4TH
Cleveland Browns batting - Pitching for Boston Patriots : RHP José Ruíz
Batting: LHB Danny Rodríguez 0-0: Ground out 6-3 (Groundball, 6, EV 86.2 MPH)
Batting: RHB Baldomero Avino 0-0: Called Strike
0-1: Ball
1-1: SOLO HOME RUN (Flyball, 8RXD, EV 100.6 MPH), Distance : 411 ft
Batting: RHB Meester Gobbles-Rooster 0-0: SINGLE (Line Drive, 8RS, EV 93.8 MPH)
Batting: RHB Gerold Olthof 0-0: Called Strike
0-1: SINGLE (Flyball, 89S, EV 94.4 MPH)
Meester Gobbles-Rooster to second
Batting: SHB Esteban Piñeiro 0-0: Ball
1-0: Called Strike
1-1: Ball
2-1: Ball
3-1: Foul Ball, location: 2F
3-2: Fly out, F8 (Line Drive, 8RD, EV 94.4 MPH)
Batting: RHB Tom Camden 0-0: Swinging Strike
0-1: Ball
1-1: Ball
2-1: Foul Ball, location: 2F
2-2: Foul Ball, location: 2F
2-2: Strikes out swinging
Bottom of the 4th over - 1 run, 3 hits, 0 errors, 2 left on base; Boston 3 - Cleveland 1
TOP OF THE 5TH
Boston Patriots batting - Pitching for Cleveland Browns : RHP Yan van der Meijden
Batting: LHB Freddy Díaz 0-0: Fly out, F7 (Flyball, 7LM, EV 83.8 MPH)
Batting: RHB Jon Osterman 0-0: Ball
1-0: Ball
2-0: Fly out, F8 (Flyball, 8RM, EV 75.6 MPH)
Pitching: LHP Sergio Ramírez
Batting: RHB Tyler Bowen 0-0: Foul Ball, location: 2F
0-1: Ball
1-1: Swinging Strike
1-2: SINGLE (Groundball, 6MD, EV 104.4 MPH)
Batting: RHB Brevyn Spann-Ford 0-0: Called Strike
0-1: Swinging Strike
0-2: Strikes out looking
Top of the 5th over - 0 runs, 1 hit, 0 errors, 1 left on base; Boston 3 - Cleveland 1
BOTTOM OF THE 5TH
Cleveland Browns batting - Pitching for Boston Patriots : RHP José Ruíz
Batting: RHB Katsuhiko Ishihara 0-0: Ball
1-0: Called Strike
1-1: Ball
2-1: Ground out 6-3 (Groundball, 6, EV 103.8 MPH)
Batting: RHB Carlos Martínez 0-0: Swinging Strike
0-1: Swinging Strike
0-2: Foul Ball, location: 2F
0-2: Strikes out swinging
Batting: SHB Jhett Larson 0-0: Called Strike
0-1: Ball
1-1: Ball
2-1: Ball
3-1: Ground out 6-3 (Groundball, 6, EV 80.0 MPH)
Bottom of the 5th over - 0 runs, 0 hits, 0 errors, 0 left on base; Boston 3 - Cleveland 1
TOP OF THE 6TH
Boston Patriots batting - Pitching for Cleveland Browns : LHP Sergio Ramírez
Batting: SHB Willie McGirt 0-0: Called Strike
0-1: Ball
1-1: Ball
2-1: Ball
3-1: Base on Balls
Batting: SHB Marc Cadiou 0-0: Called Strike
0-1: Ball
1-1: Called Strike
1-2: Strikes out swinging
Batting: LHB Juan Andrés Martí 0-0: Ball
1-0: Ball
2-0: SINGLE (Groundball, 4MD, EV 100.6 MPH)
Willie McGirt to second
Runner from 2nd tries for 3rd, SAFE, no throw by CF
Batting: SHB Jae-woo Ohm 0-0: Ball
1-0: Ball
Juan Andrés Martí steals 2nd base
2-0: Called Strike
2-1: SINGLE (Line Drive, 89M, EV 106.9 MPH)
Willie McGirt scores
Juan Andrés Martí to third
Runner from 3rd tries for Home, SAFE, no throw by RF
Batting: SHB Eisse van Opdorp 0-0: Ball
1-0: Foul Ball, location: 2F
1-1: Ball
2-1: Foul Ball, location: 2F
2-2: Ball
3-2: Strikes out looking
Batting: LHB Freddy Díaz 0-0: Called Strike
0-1: Foul Ball, location: 2F
0-2: Ball
1-2: Ball
2-2: Fly out, F7 (Flyball, 7D, EV 101.2 MPH)
Top of the 6th over - 2 runs, 2 hits, 0 errors, 1 left on base; Boston 5 - Cleveland 1
BOTTOM OF THE 6TH
Cleveland Browns batting - Pitching for Boston Patriots : RHP José Ruíz
Batting: LHB Danny Rodríguez 0-0: Called Strike
0-1: Ball
1-1: Foul Ball, location: 2F
1-2: Ball
2-2: Ball
3-2: SOLO HOME RUN (Line Drive, 89XD, EV 100.0 MPH), Distance : 426 ft
Batting: RHB Baldomero Avino 0-0: Called Strike
0-1: Ball
1-1: Swinging Strike
1-2: Ball
2-2: Strikes out swinging
Batting: RHB Meester Gobbles-Rooster 0-0: Ball
1-0: Fly out, F7 (Flyball, 78M, EV 83.1 MPH)
Batting: RHB Gerold Olthof 0-0: Ball
1-0: Foul Ball, location: 2F
1-1: Ball
2-1: Fly out, F5 (Flyball, 5D, EV 94.4 MPH)
Bottom of the 6th over - 1 run, 1 hit, 0 errors, 0 left on base; Boston 5 - Cleveland 2
TOP OF THE 7TH
Boston Patriots batting - Pitching for Cleveland Browns : LHP Sergio Ramírez
Batting: RHB Jon Osterman 0-0: Ball
1-0: Foul Ball, location: 2F
1-1: Foul Ball, location: 2F
1-2: Strikes out swinging, 2-3 out at first.
Batting: RHB Tyler Bowen 0-0: Ball
1-0: Foul Ball, location: 2F
1-1: Called Strike
1-2: Ball
2-2: Strikes out looking
Batting: RHB Brevyn Spann-Ford 0-0: Ball
1-0: SINGLE (Line Drive, 6M, EV 98.1 MPH)
Pitching: LHP Nick Altrock
Batting: SHB Willie McGirt 0-0: Swinging Strike
0-1: Swinging Strike
0-2: Strikes out swinging
Top of the 7th over - 0 runs, 1 hit, 0 errors, 1 left on base; Boston 5 - Cleveland 2
BOTTOM OF THE 7TH
Cleveland Browns batting - Pitching for Boston Patriots : RHP José Ruíz
Batting: SHB Esteban Piñeiro 0-0: Foul Ball, location: 2F
0-1: Ball
1-1: Foul Ball, location: 2F
1-2: Ball
2-2: Ground out 6-3 (Groundball, 4M, EV 95.0 MPH)
Batting: RHB Tom Camden 0-0: SOLO HOME RUN (Flyball, 89XD, EV 104.4 MPH), Distance : 413 ft
Batting: RHB Katsuhiko Ishihara 0-0: Called Strike
0-1: Swinging Strike
0-2: Hit by Pitch, AND HE CHARGES THE MOUND! The benches clear!
Pitching: LHP Leo Ingelbrigtsen
Pinch Runner at 1st Sadatake Abe:
Batting: RHB Carlos Martínez 0-0: Called Strike
0-1: Called Strike
0-2: SINGLE (Groundball, 34, EV 100.6 MPH)
Sadatake Abe to second
Runner from 2nd tries for 3rd, SAFE, throw by RF made to third
Pinch Runner at 3rd Roberto Vázquez:
Batting: SHB Jhett Larson 0-0: Ball
1-0: Called Strike
1-1: Grounds into double play, 6-4-3 (Groundball, 6, EV 85.6 MPH)
Bottom of the 7th over - 1 run, 2 hits, 0 errors, 1 left on base; Boston 5 - Cleveland 3
TOP OF THE 8TH
Boston Patriots batting - Pitching for Cleveland Browns : LHP Nick Altrock
Pitching: RHP Tom Holloway
Batting: SHB Marc Cadiou 0-0: Ball
1-0: Called Strike
1-1: Ball
2-1: Swinging Strike
2-2: Foul Ball, location: 2F
2-2: Ball
3-2: Foul Ball, location: 2F
3-2: Foul Ball, location: 2F
3-2: Base on Balls
Batting: LHB Juan Andrés Martí 0-0: Fly out, F7 (Flyball, 7, EV 78.1 MPH)
Batting: SHB Jae-woo Ohm 0-0: Ball
1-0: Called Strike
1-1: Swinging Strike
1-2: Ball
2-2: Ball
3-2: Base on Balls
Marc Cadiou to second
Pitching: RHP Juan Vias
Batting: SHB Eisse van Opdorp 0-0: Called Strike
0-1: Ball
1-1: DOUBLE (Flyball, 89D, EV 90.0 MPH)
Marc Cadiou scores
Jae-woo Ohm to third
Batting: LHB Freddy Díaz 0-0: Intentional Walk
Batting: RHB Jon Osterman 0-0: Called Strike
0-1: Ball
1-1: Called Strike
1-2: Foul Ball, location: 2F
1-2: Fly out, F8 (Line Drive, 8RD, EV 92.5 MPH)
Runner from 3rd tags up, SCORES, throw by CF
Eisse van Opdorp to third
Batting: RHB Tyler Bowen 0-0: Ball
1-0: Ball
2-0: Swinging Strike
2-1: Foul Ball, location: 2F
2-2: Ball
3-2: SINGLE (Line Drive, 9S, EV 101.2 MPH)
Eisse van Opdorp scores
Freddy Díaz to second
Freddy Díaz to third
Batting: RHB Brevyn Spann-Ford 0-0: Swinging Strike
0-1: Called Strike
0-2: Ball
1-2: Fly out, F8 (Flyball, 8LXD, EV 98.8 MPH)
Top of the 8th over - 3 runs, 2 hits, 0 errors, 2 left on base; Boston 8 - Cleveland 3
BOTTOM OF THE 8TH
Cleveland Browns batting - Pitching for Boston Patriots : LHP Leo Ingelbrigtsen
Batting: LHB Danny Rodríguez 0-0: Ball
1-0: Called Strike
1-1: Foul Ball, location: 2F
1-2: Ball
2-2: SINGLE (Groundball, 6MD, EV 94.4 MPH)
Batting: RHB Baldomero Avino 0-0: Ball
1-0: Ball
2-0: Ball
3-0: Called Strike
3-1: Foul Ball, location: 2F
3-2: Ground out 5-3 (Groundball, 56S, EV 76.9 MPH)
Danny Rodríguez to second
Batting: RHB Meester Gobbles-Rooster 0-0: Foul Ball, location: 2F
0-1: Ground out 5-3 (Groundball, 56, EV 106.9 MPH)
Batting: RHB Gerold Olthof 0-0: Ball
1-0: Called Strike
1-1: Called Strike
1-2: SINGLE (Groundball, 6D, EV 101.2 MPH)
Danny Rodríguez to third
Runner from 3rd tries for Home, SAFE, no throw by LF
Batting: SHB Esteban Piñeiro 0-0: Ball
1-0: Ball
2-0: Called Strike
2-1: Foul Ball, location: 2F
2-2: Foul Ball, location: 2F
2-2: Strikes out looking
Bottom of the 8th over - 1 run, 2 hits, 0 errors, 1 left on base; Boston 8 - Cleveland 4
TOP OF THE 9TH
Boston Patriots batting - Pitching for Cleveland Browns : RHP Juan Vias
Batting: SHB Willie McGirt 0-0: Called Strike
0-1: Fly out, F8 (Flyball, 8LS, EV 94.4 MPH)
Batting: SHB Marc Cadiou 0-0: Ball
1-0: Ground out 4-3 (Groundball, 4, EV 101.2 MPH)
Batting: LHB Juan Andrés Martí 0-0: Ball
1-0: Ball
2-0: Called Strike
2-1: Foul Ball, location: 2F
2-2: SINGLE (Line Drive, 9S, EV 88.8 MPH)
Batting: SHB Jae-woo Ohm 0-0: Fly out, F6 (Popup, 6MS, EV 74.4 MPH)
Top of the 9th over - 0 runs, 1 hit, 0 errors, 1 left on base; Boston 8 - Cleveland 4
BOTTOM OF THE 9TH
Cleveland Browns batting - Pitching for Boston Patriots : LHP Leo Ingelbrigtsen
Batting: RHB Tom Camden 0-0: Ground out 5-3 (Groundball, 56, EV 103.1 MPH)
Pitching: LHP Bradley Roth
Batting: RHB Roberto Vázquez 0-0: Fly out, F9 (Line Drive, 9, EV 88.1 MPH)
Batting: RHB Carlos Martínez 0-0: Ball
1-0: DOUBLE (Line Drive, 78D, EV 102.5 MPH)
Batting: SHB Jhett Larson 0-0: Ball
1-0: SINGLE (Groundball, 56S, EV 76.2 MPH) (infield hit)
Carlos Martínez to third
Batting: LHB Danny Rodríguez 0-0: Hit by Pitch
Jhett Larson to second
Batting: RHB Baldomero Avino 0-0: Fly out, F4 (Popup, 4, EV 70.6 MPH)
Bottom of the 9th over - 0 runs, 2 hits, 0 errors, 3 left on base; Boston 8 - Cleveland 4
Tuesday, January 5th, 2021 - OOTP Baseball 20.8 Build 74